 Dungeon Crawl Stone Soup version 0.21-a0-513-gdcb3f5e (webtiles) character file.

1591 Gerstahl the Skirmisher (level 8, -10/81 HPs)
             Began as a Naga Monk on Dec 3, 2017.
             Was a Believer of Ashenzari.
             Mangled by a two-headed ogre
             ... wielding a +0 giant spiked club
              (13 damage)
             ... on level 6 of the Dungeon.
             The game lasted 00:25:48 (8120 turns).

Gerstahl the Skirmisher (Naga Monk)                 Turns: 8120, Time: 00:25:50

Health: -10/81     AC:  9    Str: 18    XL:     8   Next: 93%
Magic:  8/8        EV: 11    Int: 11    God:    Ashenzari [**....]
Gold:   266        SH:  5    Dex: 19    Spells: 4/7 levels left

rFire    + + .     SeeInvis +   a - +0 spear (curse)
rCold    + . .     Gourm    .   h - +0 buckler
rNeg     + . .     Faith    .   y - +3 leather armour of the Sturgeon {rF+ rC+ rN+} (curse)
rPois    +         Spirit   .   (no helmet)
rElec    .         Reflect  .   (no cloak)
rCorr    .         Harm     .   s - +1 pair of gloves
MR       +....                  (no barding)
Stlth    ++........             (no amulet)
HPRegen  0.23/turn              r - ring of protection from fire
MPRegen  0.11/turn              v - +3 ring of dexterity (curse)

@: mighty, short of breath, very slow
A: large, see invisible, deformed body, poison resistance, slowness 2, slow
metabolism 1, spit poison 1, AC +2
a: Spit Poison, Curse Item, Scrying, Renounce Religion


You were on level 6 of the Dungeon.
You worshipped Ashenzari.
Ashenzari was pleased with you.
You were not hungry.

You visited 2 branches of the dungeon, and saw 8 of its levels.
You also visited: Sewer.

You collected 266 gold pieces.

Inventory:

Hand Weapons
 a - a cursed +0 spear (weapon)
Armour
 b - a +0 robe
 h - a +0 buckler (worn)
 s - a +1 pair of gloves (worn)
 y - the cursed +3 leather armour of the Sturgeon (worn) {rF+ rC+ rN+}
   (You found it on level 5 of the Dungeon)

   It protects you from fire.
   It protects you from cold.
   It protects you from negative energy.
   It has a curse placed upon it.
Jewellery
 p - an uncursed ring of ice
 r - a ring of protection from fire (left hand)
 v - a cursed +3 ring of dexterity (right hand)
Wands
 t - a wand of iceblast (7)
 B - a wand of polymorph (3)
Scrolls
 f - 3 scrolls of identify
 k - a scroll of fog
 o - 2 scrolls of remove curse
 w - a scroll of blinking {unknown}
 x - a scroll of magic mapping {unknown}
 z - a scroll of amnesia {unknown}
 E - a scroll of immolation {unknown}
 F - 2 scrolls of enchant armour
 G - a scroll of enchant weapon {unknown}
Potions
 g - 5 potions of brilliance
 i - a potion of lignification {unknown}
 j - 2 potions of might
 l - 5 potions of curing {unknown}
 m - 3 potions of flight {unknown}
 n - 3 potions of agility {unknown}
 u - a potion of magic {unknown}
 A - 2 potions of degeneration {unknown}
 C - a potion of mutation {unknown}
Books
 e - a book of Frost

   Spells                             Type                      Level
   a - Freeze                         Ice                          1
   b - Throw Frost                    Conjuration/Ice              2
   c - Ozocubu's Armour               Charms/Ice                   3
   d - Throw Icicle                   Conjuration/Ice              4
   e - Summon Ice Beast               Ice/Summoning                4
 D - a book of Air

   Spells                             Type                      Level
   a - Shock                          Conjuration/Air              1
   b - Swiftness                      Charms/Air                   2
   c - Static Discharge               Conjuration/Air              3
   d - Airstrike                      Air                          4
   e - Lightning Bolt                 Conjuration/Air              5
Comestibles
 d - 2 meat rations
 q - 4 royal jellies


   Skills:
 + Level 7.8 Fighting
 + Level 7.7(10.1) Polearms
 + Level 2.7 Dodging
 - Level 3.0 Stealth
 - Level 2.4 Shields
 + Level 1.2 Evocations


You had 4 spell levels left.
You knew the following spells:

 Your Spells              Type           Power        Failure   Level  Hunger
a - Ozocubu's Armour      Chrm/Ice       #.......     77%         3    ####...


Dungeon Overview and Level Annotations

Branches:
Dungeon (7/15)             Temple (1/1) D:6

Altars:
Ashenzari
Cheibriados
Dithmenos
Elyvilon
Fedhas
Gozag
Hepliaklqana
Kikubaaqudgha
Makhleb
Nemelex Xobeh
Okawaru
Qazlal
Ru
Trog
Uskayaw
Vehumet
Wu Jian
Xom
Zin
The Shining One


Innate Abilities, Weirdness & Mutations

You cannot wear boots.
Your serpentine skin is tough. (AC +2)
You have supernaturally acute eyesight. (SInv)
Armour fits poorly on your strangely shaped body.
Your system is resistant to poisons. (rPois)
You cover ground very slowly.
You have a slow metabolism.
You can spit poison.


Message History

The two-headed ogre is heavily wounded.
You block the two-headed ogre's attack.
The two-headed ogre hits you with a giant club!!
You feel very mighty all of a sudden.
You puncture the two-headed ogre!
The two-headed ogre is severely wounded.
The two-headed ogre hits you with a giant spiked club!
The two-headed ogre hits you with a giant club.
You hit the two-headed ogre.
The two-headed ogre is severely wounded.
Press: ? - help, Shift-Dir - straight line, f/p - two-headed ogre
Aim: a two-headed ogre, wielding a giant spiked club and a giant club (severely wounded)
The splash of poison hits the two-headed ogre.
The two-headed ogre appears unharmed.
The two-headed ogre is severely wounded.
You feel slightly more hungry.
The two-headed ogre hits you with a giant spiked club!!
* * * LOW HITPOINT WARNING * * *
The two-headed ogre hits you with a giant club!
You die...

#........(..# #.........
#..[........# #.........
#.....[.....# #.........
#...........# ##########
#...........# #
#...........#################
#............................
#...........O################
#...........@................
########(....################
#((...'..........#####
######.(.(.########........
#....###(#.# #...##.....)..
#(....(.(#.# #...##........
#....#####(# #...##........
#....<.#.#.# #...##........
#.....#..#.###...##........


You could see a two-headed ogre.

Vanquished Creatures
  A black bear (D:6)
  3 centaurs
  An ogre (D:6)
  A phantom (D:5)
  3 big kobolds (Sewer)
  Blork the orc (D:4)
  2 vampire bats (D:5)
  A howler monkey (D:4)
  A crimson imp (D:5)
  A centaur zombie (D:5)
  A bullfrog skeleton (D:4)
  3 hounds
  3 orc wizards
  An orc priest (D:5)
  An iguana (D:4)
  6 worker ants
  8 adders
  2 oozes
  An adder skeleton (D:4)
  5 worms
  A dart slug (D:5)
  7 leopard geckos
  15 orcs
  18 bats
  3 giant cockroaches
  7 goblins
  6 hobgoblins
  14 jackals
  18 kobolds
  5 quokkas
  4 ball pythons
  5 frilled lizards
  A gnoll zombie (D:5)
  9 rats
  A rat zombie (D:5)
160 creatures vanquished.

Notes
Turn   | Place    | Note
-------+----------+-------------------------------------------
     0 | D:1      | Gerstahl the Naga Monk began the quest for the Orb.
     0 | D:1      | Reached XP level 1. HP: 21/21 MP: 1/1
    54 | D:1      | Reached XP level 2. HP: 19/28 MP: 2/2
   742 | D:1      | Reached XP level 3. HP: 34/34 MP: 3/3
  2102 | D:2      | Reached XP level 4. HP: 43/44 MP: 4/4
  2311 | D:3      | Reached skill level 1 in Shields
  3194 | D:3      | Reached XP level 5. HP: 38/50 MP: 5/5
  3486 | D:3      | Found a faded altar of an unknown god.
  3486 | D:3      | Found a white marble altar of Elyvilon.
  3496 | D:3      | Found a sparkling altar of Nemelex Xobeh.
  3498 | D:3      | Found an opulent altar of Gozag.
  3499 | D:3      | Found a radiant altar of Vehumet.
  3620 | D:4      | Noticed Blork the orc
  4025 | D:4      | Reached XP level 6. HP: 45/58 MP: 6/6
  4042 | D:4      | Found a glowing drain.
  4049 | Sewer    | Entered a sewer
  4448 | Sewer    | Reached skill level 5 in Fighting
  4448 | Sewer    | Reached skill level 5 in Polearms
  4453 | Sewer    | Reached XP level 7. HP: 33/67 MP: 7/7
  5174 | D:4      | Killed Blork the orc
  5441 | D:5      | Entered Level 5 of the Dungeon
  5545 | D:5      | HP: 3/69 [worker ant (4)]
  5968 | D:5      | Reached XP level 8. HP: 46/78 MP: 8/8
  5988 | D:5      | Got a faintly glowing leather armour
  6121 | D:5      | Identified the +3 leather armour of the Sturgeon {rF+ rC+ rN+} (You found it on level 5 of the Dungeon)
  6567 | D:5      | Found the +4 Vampire's Tooth {vamp}
  6706 | D:5      | Found a hide-covered altar of Uskayaw.
  7195 | D:6      | Found a staircase to the Ecumenical Temple.
  7204 | Temple   | Entered the Ecumenical Temple
  7282 | Temple   | Became a worshipper of Ashenzari the Shackled
  7282 | Temple   | Reached * piety under Ashenzari
  7282 | Temple   | Reached ** piety under Ashenzari
  7395 | D:6      | Noticed a two-headed ogre
  7650 | D:6      | Reached skill level 1 in Evocations
  7694 | D:6      | Learned a level 3 spell: Ozocubu's Armour
  8120 | D:6      | HP: 3/81 [two-headed ogre/giant spiked club (24)]
  8120 | D:6      | Mangled by a two-headed ogre

Vault maps used:
D:1:      scummos_arrival_hexagon
D:2:      wad_lake_hut, first_bread
D:3:      chequers_temple_overflow_minitemple
D:4:      portal_sewer_entry_b, uniq_blork_the_orc
D:5:      lemuel_doored_altar, enter_ossuary_3, st_stairs_5,
          minmay_guarded_unrand_vampires_tooth
D:6:      lemuel_temple_firewalk_b
D:7:      lemuel_zombie_altar_yredelemnul
Temple:   eino_temple_rhombus
Sewer:    kennysheep_pipe_town

Skill      XL: |  1  2  3  4  5  6  7  8 |
---------------+-------------------------+-----
Fighting       | 4 5 6 7 |  7.8
Shields        | 1 2 |  2.4
Polearms       | 4 5 6 7 |  7.7
Evocations     | 1 |  1.2
Dodging        | |  2.7
Stealth        | |  3.0

Action                   |  1- 3 |  4- 6 |  7- 9 || total
-------------------------+-------+-------+-------++-------
Melee: Spear             |   191 |   305 |   449 ||   945
Invok: Curse Item        |       |       |     2 ||     2
 Abil: Spit Poison       |     7 |    11 |    15 ||    33
  Use: Potion            |       |     3 |     6 ||     9
       Scroll            |       |     6 |     1 ||     7
 Stab: Sleeping          |     2 |     8 |     8 ||    18
  Eat: Chunk             |     3 |     2 |     5 ||    10
       Bread ration      |       |     1 |     1 ||     2
       Fruit             |       |       |     4 ||     4
       Royal jelly       |       |       |     1 ||     1
Armor: Robe              |    39 |    72 |    29 ||   140
       Leather armour    |       |       |    75 ||    75
Dodge: Dodged            |   120 |   127 |   163 ||   410
Block: Buckler           |       |       |    59 ||    59

Table legend:
 A = Spawn XP
 B = Non-spawn XP
 C = Spawn XP percentage of total XP
 D = Spawn monster count
 E = Non-spawn monster count
 F = Spawn count percentage of total count
 G = Total turns spent on level
                    A         B        C        D         E        F      G
               +---------+---------+-------+---------+---------+-------+---------
         Total |       0 |    2273 |   0.0 |       0 |     160 |   0.0 |  8120
               +---------+---------+-------+---------+---------+-------+---------
           D:1 |       0 |      55 |   0.0 |       0 |      30 |   0.0 |  1297
           D:2 |       0 |      31 |   0.0 |       0 |      15 |   0.0 |   964
           D:3 |       0 |     130 |   0.0 |       0 |      30 |   0.0 |  1374
           D:4 |       0 |     419 |   0.0 |       0 |      21 |   0.0 |  1104
           D:5 |       0 |     881 |   0.0 |       0 |      34 |   0.0 |  1659
           D:6 |       0 |     415 |   0.0 |       0 |       6 |   0.0 |   918
         Sewer |       0 |     342 |   0.0 |       0 |      24 |   0.0 |   702
               +---------+---------+-------+---------+---------+-------+---------
